Map: Newkirk Precinct TE (Void)

Players

Trizztein

  • Race: Terran Terran
  • League: Diamond
  • Spawn Location: 7:00

Light - Winner!

  • Race: Protoss Protoss
  • League: Diamond
  • Spawn Location: 5:00

VOD

Have the link to the VOD?

Description

Time

  • Played on: Feb. 26, 2017, 5:23 a.m.
  • Length: 13:55
Show
View Real Time Build Order
Export as new Build Order

Trizztein Terran 

Build Orders: Reaper Expand, MMM Bio 

Get SALT Encoding   

  12  0:01  SCV  
  13  0:13  SCV  
  14  0:19  Supply Depot  
  14  0:25  SCV  
  15  0:30  Refinery  
  15  0:40  SCV  
  16  0:46  Barracks  
  16  0:53  SCV  
  17  1:05  SCV  
  18  1:17  SCV  
  19  1:34  Orbital Command  
  19  1:35  Reaper  
  20  1:50  Command Center  
  20  2:00  Supply Depot  
  20  2:02  SCV  
  21  2:14  Factory  
  21  2:18  Barracks Reactor  
  21  2:20  SCV  
  22  2:26  Refinery  
  22  2:33  SCV  
  23  2:45  SCV  
  24  2:54  Marine x2  
  24  2:57  SCV  
  24  2:58  Widow Mine, Starport  
  29  3:07  Orbital Command  
  29  3:09  SCV  
  29  3:12  Marine  
  30  3:19  Marine  
  32  3:21  SCV  
  33  3:27  Supply Depot  
  33  3:28  Widow Mine  
  33  3:32  SCV  
  36  3:34  Marine  
  36  3:37  Marine  
  36  3:39  Medivac  
  40  3:41  SCV  
  40  3:48  SCV  
  42  3:50  Supply Depot  
  42  3:57  Factory Tech Lab  
  42  3:58  Marine x2  
  42  4:00  SCV  
  45  4:05  Barracks  
  45  4:10  Starport Tech Lab  
  45  4:16  SCV  
  46  4:17  SCV  
  46  4:20  Supply Depot  
  46  4:21  Engineering Bay  
  47  4:25  Refinery  
  47  4:26  Refinery  
  47  4:29  SCV  
  47  4:33  Marine x2  
  48  4:49  Raven  
  48  4:50  Siege Tank  
  48  4:51  Marine x2  
  55  4:56  SCV  
  56  5:09  SCV  
  57  5:15  SCV  
  57  5:19  Barracks  
  58  5:21  Supply Depot  
  58  5:23  SCV  
  58  5:27  Marine x2, SCV  
  62  5:35  SCV  
  63  5:39  SCV  
  62  5:54  Marine x2  
  56  6:01  Stimpack  
  56  6:03  Terran Infantry Weapons Level 1  
  56  6:04  SCV x2, Supply Depot  
  58  6:05  Factory Reactor  
  58  6:10  Starport Reactor  
  58  6:13  Supply Depot, Combat Shields  
  58  6:15  Marine  
  58  6:16  SCV x2  
  61  6:28  SCV  
  61  6:29  Marauder  
  61  6:30  Marine, Marauder  
  67  6:33  Marine  
  67  6:35  SCV  
  69  6:40  SCV  
  69  6:42  Supply Depot  
  69  6:46  Widow Mine  
  69  6:47  SCV, Widow Mine  
  70  6:50  Medivac  
  70  6:52  SCV, Medivac  
  77  7:02  SCV  
  77  7:04  SCV  
  77  7:06  Marine x2  
  77  7:07  Marauder  
  83  7:15  SCV  
  84  7:16  SCV  
  85  7:23  Command Center  
  85  7:27  Missile Turret  
  85  7:37  SCV  
  85  7:38  SCV  
  87  7:48  Medivac x2  
  87  7:50  SCV x2, Marauder x2, Marine x2  
  99  7:54  Barracks  
  99  7:55  Barracks  
  99  7:57  Terran Infantry Armor Level 1  
  99  7:58  Starport  
  99  8:02  Concussive Shells, SCV  
  99  8:04  SCV  
  101  8:08  Marine  
  102  8:34  Marine x3, Medivac, Widow Mine x2, SCV x2  
  102  8:35  Marauder  
  115  8:47  SCV x2  
  117  8:53  Marauder  
  117  8:54  Barracks Tech Lab, Barracks Reactor  
  117  9:01  Marine  
  117  9:08  Marine, Medivac  
  117  9:10  Marine  
  117  9:13  Marine  
  117  9:24  Orbital Command  
  117  9:32  Refinery  
  117  9:35  Armory  
  117  9:36  Refinery, Engineering Bay  
  117  9:37  Ghost Academy  
  117  9:38  Starport Reactor  
  117  9:56  Orbital Command  
  117  10:12  Marine  
  117  10:13  Marine  
  117  10:14  SCV  
  117  10:15  Marine x2  
  117  10:16  Marine x2  
  117  10:17  SCV  
  116  10:24  Terran Ship Weapons Level 1  
  116  10:25  Widow Mine x2, Medivac, Supply Depot x2  
  116  10:26  Terran Infantry Armor Level 2, Terran Infantry Weapons Level 2, Marauder  
  116  10:27  SCV  
  125  10:38  Marine x5, Viking, SCV  
  133  10:46  Marine x2, Viking x2, SCV x2  
  133  10:48  Missile Turret  
  141  10:50  SCV  
  141  10:54  Supply Depot  
  141  10:55  Supply Depot  
  141  10:56  Marine x5  
  147  10:58  SCV x2  
  147  10:59  Liberator  
  147  11:02  SCV  
  148  11:07  Marine  
  149  11:15  Widow Mine x2  
  149  11:16  Marine x6, Medivac, Viking  
  149  11:17  Viking  
  164  11:25  Marine  
  146  11:26  SCV  
  146  11:27  SCV x2  
  146  11:29  Liberator  
  142  11:33  Marine x2  
  142  11:37  Marine x4  
  142  11:38  SCV  
  142  11:39  SCV x2  
  147  11:42  Marine  
  147  11:46  Viking  
  148  11:51  SCV x3, Marine x2  
  153  11:54  Marine x2  
  153  11:55  Marine x2  
  153  11:59  Missile Turret  
  153  12:00  Marine  
  153  12:01  Missile Turret  
  158  12:03  SCV x3  
  161  12:09  Marine x2  
  161  12:10  Medivac  
  165  12:16  Supply Depot  
  165  12:19  Supply Depot  
  165  12:21  Missile Turret  
  165  12:25  Missile Turret  
  165  12:37  Marine x3, Ghost x2  
  165  12:38  SCV  
  165  12:40  Marine, Ghost  
  176  12:55  Marine x3  
  176  12:58  Marine  
  158  13:06  Marine x2  
  158  13:09  Marine  
  156  13:13  Marine x3  
  156  13:16  Marine  
  148  13:33  Marine x4  
  112  13:35  Marine x2  
  112  13:36  Marine  
Show
View Real Time Build Order
Export as new Build Order

Light Protoss - Winner!

Build Orders: 1 Gate Expand 

Get SALT Encoding   

  12  0:01  Probe (Chrono Boost)  
  13  0:11  Probe (Chrono Boost)  
  14  0:18  Pylon  
  14  0:22  Probe (Chrono Boost)  
  15  0:36  Probe (Chrono Boost)  
  15  0:37  Gateway  
  16  0:47  Probe (Chrono Boost)  
  16  0:48  Assimilator  
  17  0:57  Probe (Chrono Boost)  
  18  1:08  Probe (Chrono Boost)  
  19  1:18  Probe (Chrono Boost)  
  20  1:30  Cybernetics Core  
  20  1:34  Probe (Chrono Boost)  
  20  1:39  Nexus  
  21  1:44  Assimilator  
  21  1:52  Pylon  
  21  1:54  Probe (Chrono Boost)  
  22  2:06  Probe (Chrono Boost), Warp Gate, Stalker  
  25  2:24  Robotics Facility  
  25  2:27  Probe (Chrono Boost)  
  26  2:40  Probe (Chrono Boost)  
  27  2:52  Probe (Chrono Boost), Gateway  
  27  2:54  Gateway  
  30  2:59  Mothership Core (Chrono Boost)  
  30  3:02  Probe (Chrono Boost)  
  31  3:13  Warp Prism  
  31  3:16  Probe (Chrono Boost)  
  34  3:21  Probe (Chrono Boost)  
  36  3:27  Probe (Chrono Boost)  
  36  3:31  Probe (Chrono Boost), Pylon  
  37  3:37  Probe (Chrono Boost)  
  38  3:44  Probe (Chrono Boost)  
  38  3:48  Probe (Chrono Boost)  
  40  3:49  Observer  
  40  3:52  Twilight Council  
  41  3:57  Probe (Chrono Boost)  
  41  3:58  Probe (Chrono Boost)  
  41  3:59  Pylon  
  43  4:08  Probe (Chrono Boost)  
  43  4:09  Probe (Chrono Boost)  
  45  4:13  Adept x3  
  52  4:17  Observer  
  52  4:35  Stalker x3  
  56  4:48  Probe (Chrono Boost)  
  56  4:49  Probe (Chrono Boost)  
  58  4:52  Blink  
  58  4:54  Assimilator  
  58  4:57  Assimilator  
  58  5:01  Gateway  
  58  5:04  Gateway  
  58  5:05  Pylon  
  58  5:08  Pylon  
  58  5:12  Robotics Bay, Pylon  
  58  5:14  Adept  
  58  5:16  Probe (Chrono Boost)  
  58  5:19  Probe (Chrono Boost)  
  62  5:26  Probe (Chrono Boost)  
  63  5:29  Probe (Chrono Boost)  
  64  5:37  Probe (Chrono Boost)  
  65  5:55  Probe (Chrono Boost)  
  65  5:56  Probe (Chrono Boost)  
  67  6:07  Extended Thermal Lance  
  67  6:10  Nexus  
  73  6:12  Sentry, Pylon  
  73  6:13  Gateway  
  73  6:14  Probe (Chrono Boost), Pylon  
  73  6:17  Sentry  
  78  6:20  Colossus  
  78  6:22  Probe (Chrono Boost)  
  78  6:25  Probe (Chrono Boost)  
  80  6:27  Sentry  
  82  6:33  Pylon  
  82  6:34  Stalker x2  
  86  6:46  Stalker  
  88  6:48  Zealot  
  88  6:52  Probe x2 (Chrono Boost)  
  88  6:53  Resonating Glaives  
  92  7:01  Adept  
  92  7:02  Adept x2  
  92  7:03  Probe x2 (Chrono Boost)  
  100  7:10  Assimilator  
  100  7:13  Probe (Chrono Boost)  
  100  7:14  Assimilator, Colossus  
  101  7:17  Gateway  
  107  7:27  Adept x3  
  113  7:35  Phoenix  
  113  7:36  Probe (Chrono Boost)  
  116  7:37  Probe x2 (Chrono Boost), Gateway  
  116  7:47  Stalker x2  
  120  7:52  Forge  
  120  7:55  Forge  
  121  7:58  Probe (Chrono Boost)  
  121  8:04  Probe (Chrono Boost)  
  121  8:05  Probe (Chrono Boost)  
  123  8:08  Phoenix  
  123  8:10  Probe (Chrono Boost)  
  124  8:15  Probe (Chrono Boost)  
  125  8:25  Pylon  
  125  8:28  Pylon  
  125  8:29  Pylon  
  125  8:31  Pylon  
  125  8:36  Colossus  
  125  8:43  Probe (Chrono Boost)  
  125  8:45  Probe (Chrono Boost)  
  125  8:46  Probe (Chrono Boost)  
  134  8:49  Adept x4  
  134  8:50  Adept x3  
  148  8:56  Probe (Chrono Boost)  
  149  9:13  Protoss Ground Weapons Level 1  
  149  9:14  Protoss Ground Armor Level 1, Adept  
  149  9:23  Pylon  
  149  9:25  Pylon  
  149  9:26  Pylon  
  149  9:28  Pylon  
  149  9:29  Pylon  
  149  9:30  Pylon  
  149  9:31  Pylon  
  149  9:36  Observer  
  147  9:53  Adept x3  
  147  9:54  Adept x4, Colossus  
  167  10:27  Stalker x4, Robotics Facility  
  167  10:28  Stalker x3, Pylon  
  181  10:35  Templar Archives  
  181  10:36  Gateway  
  181  10:38  Gateway  
  181  10:41  Gateway  
  181  10:44  Gateway  
  181  10:45  Colossus  
  181  10:46  Gateway  
  181  10:54  Dark Shrine  
  185  10:58  Adept x2  
  185  11:02  Stalker x2  
  191  11:31  Phoenix  
  189  11:36  Probe x2 (Chrono Boost), Protoss Ground Armor Level 2, Protoss Ground Weapons Level 2  
  189  11:37  Probe (Chrono Boost)  
  189  11:39  Disruptor  
  192  11:40  Disruptor  
  192  11:43  Psionic Storm  
  194  11:51  Pylon  
  194  11:54  Pylon x2  
  192  12:17  Nexus  
  192  12:18  Pylon  
  192  12:21  Pylon  
  192  12:22  Dark Templar x2  
  194  12:23  Dark Templar, Pylon  
  194  12:24  Dark Templar  
  184  13:22  Observer  
  184  13:23  Adept x2  
  184  13:24  Adept x2  
  123  13:46  Adept x3  
  123  13:47  Adept x4  
  123  13:48  Adept x3  
  132  13:49  Adept x2  
Tags
 
Add a new tag
Caveats
  • Supply blocks, unpowered buildings, or Contaminate may cause inaccurate times.
  • Supply counts are checked every 10 seconds.